[Event "*** Titled Tuesday Blitz"]
[Site "Chess.com"]
[Date "2020.05.26"]
[Round "7"]
[White "Vaathi_Coming"]
[Black "albi1999"]
[Result "1-0"]
[WhiteElo "2850"]
[BlackElo "2610"]
[TimeControl "180+1"]
[EndTime "11:22:18 PDT"]
[Termination "Vaathi_Coming won by resignation"]

1. Nf3 d5 2. g3 Bg4 3. Bg2 Nd7 4. d4 c6 5. O-O e6 6. c4 Ngf6 7. Qb3 Qb6 8. c5 Qxb3 9. axb3 a6 10. Nc3 Be7 11. b4 O-O 12. Nd2 e5 13. e3 Rfe8 14.
Nb3 Bd8 15. b5 exd4 16. exd4 Nf8 17. Be3 Bd7 18. b6 Ne6 19. Na5 Bc8 20. h3 Be7 21. Rfe1 g6 22. b4 Ng7 23. g4 h5 24. f3 Ne6 25. Bf1 hxg4 26. hxg4 Nh7 27. Kh2 Bh4 28. Re2 Bf6 29. Rd1 Bg5 30. Bxg5 Nhxg5 31. Kg3 f6 32. f4 Nf7 33. Re3 Ng7 34. Rxe8+ Nxe8 35. Bd3 f5 36. g5 Nd8 37. Re1 Kf7 38.
Kf2 Ng7 39. Ne2 Bd7 40. Ng1 Nge6 41. Ke3 Be8 42. Nf3 Kg7 43. Ne5 Nf8 44. Bc2 Nd7 45.
Kd2 Nxe5 46. Rxe5 Kf8 47. Bd3 Bd7 48. Re1 Kf7 49. Be2 Bc8 50. Bf3 Bd7 51. Rh1 Kg7 52.
Ke3 Bc8 53. Be2 Bd7 54. Ra1 Bc8 55. Ra2 Kf7 56. Bd3 Kg7 57. Nb3 Kf7 58. b5 cxb5 59. Bxb5 Ke7 60. Ba4 Bd7 61. Bxd7 Kxd7 62. Na5 Rb8 63.
Rh2 Nf7 64. Rh7 Ke7 65. c6 1-0

[Event "*** Titled Tuesday Blitz"]
[Site "Chess.com"]
[Date "2020.05.26"]
[Round "7"]
[White "Man-Chuk"]
[Black "mishanick"]
[Result "0-1"]
[WhiteElo "2766"]
[BlackElo "2964"]
[TimeControl "180+1"]
[EndTime "11:22:20 PDT"]
[Termination "mishanick won by resignation"]

1. c4 e5 2. Nc3 Nf6 3. Nf3 Nc6 4. e3 Bb4 5. Nd5 O-O 6. Be2 d6 7. a3 Bc5 8. b4 Bb6 9. Nxb6 axb6 10. Bb2 Bg4 11.
h3 Bh5 12. d3 Re8 13. O-O h6 14. Rc1 Qe7 15. Re1 Bg6 16. d4 Rad8 17. d5 Nb8 18.
Nd2 Nbd7 19. f3 Nh5 20. Nf1 f5 21. f4 Nhf6 22. Bd3 Ne4 23. Bxe4 fxe4 24. Qg4 Bh7 25.
Qg3 Qf7 26. fxe5 Nxe5 27. Bxe5 Rxe5 28. Nh2 Rg5 29. Qf2 Rf5 30. Qh4 Rf8 31. Rf1 Qd7 32. Rxf5 Bxf5 33. Rf1 Bg6 34. Rxf8+ Kxf8 35. Qf4+ Kg8 36.
Qg4 Bf5 37. Qf4 Kh7 38. Nf1 Bg6 39. Qf8 Qa4 40. Qe7 Qxa3 41. Qxc7 Qxb4 42. Qxb7 Qxc4 43.
Qxb6 Qxd5 44. Qd4 Qe6 45. Ng3 Bf7 46. Ne2 g5 47. Kh2 d5 48. Nc3 Qd6+ 49. Kg1 Qc6 50. Ne2 Kg6 51. Qe5 Qc5 52. Nd4 Qc1+ 53. Kh2 Qxe3 54.
Qf5+ Kg7 55. Qe5+ Kg8 56. Qb8+ Kh7 57. Qa7 Qf4+ 58. Kh1 e3 59. Ne2 Qf2 60. Qe7 Kg8 61.
Qd8+ Kg7 62. Nd4 Qf1+ 0-1

[Event "*** Titled Tuesday Blitz"]
[Site "Chess.com"]
[Date "2020.05.26"]
[Round "7"]
[White "Bacyanide"]
[Black "Sippp"]
[Result "1/2-1/2"]
[WhiteElo "2474"]
[BlackElo "2668"]
[TimeControl "180+1"]
[EndTime "11:22:21 PDT"]
[Termination "Game drawn - insufficient material"]

1. d4 Nf6 2. c4 g6 3. Nc3 d5 4.
cxd5 Nxd5 5. e4 Nxc3 6. bxc3 Bg7 7.
Be3 c5 8. Bc4 O-O 9. Ne2 Nc6 10.
h4 Qa5 11. Kf1 Rd8 12. h5 cxd4 13. cxd4 Ne5 14. Bb3 Ng4 15. hxg6 Nxe3+ 16. fxe3 hxg6 17. Nf4 Qg5 18. Qf3 Bg4 19. Nh3 Qf6 20. Qxf6 Bxf6 21. e5 Bxh3 22. Rxh3 Bg7 23. Rf3 e6 24. Ke2 Rac8 25.
Raf1 Rc7 26. g4 Bh6 27. Rh3 Bg7 28. Kf3 b5 29. Ke4 a5 30. a4 bxa4 31. Bxa4 Rb8 32. Rhh1 Rb4 33. Ra1 Rcc4 34. Bd1 a4 35. Be2 Rc3 36.
Rhc1 Rxc1 37. Rxc1 Bh6 38. Rc3 Rb2 39. Ba6 Rb3 40. Rxb3 axb3 41. Bd3 b2 42. Bb1 Kg7 43. Kd3 Bg5 44. e4 Bc1 45. d5 Bf4 46. Kd4 Kf8 47. Ba2 Ke7 48. Bb1 Kd7 49. Ba2 Ke7 50. Bb1 f6 51.
exf6+ Kxf6 52. Kc3 Be5+ 53. Kc2 exd5 54. exd5 Kg5 55. d6 Bxd6 56. Kxb2 Be5+ 57. Kb3 Bf6 58. Bxg6 Kxg4 1/2-1/2

[Event "*** Titled Tuesday Blitz"]
[Site "Chess.com"]
[Date "2020.05.26"]
[Round "7"]
[White "bascheyaro"]
[Black "Fandorine"]
[Result "0-1"]
[WhiteElo "2694"]
[BlackElo "2897"]
[TimeControl "180+1"]
[EndTime "11:22:22 PDT"]
[Termination "Fandorine won by resignation"]

1. d4 Nf6 2. c4 g6 3. Nf3 Bg7 4. g3 O-O 5. Bg2 d6 6. O-O Nc6 7. b3 a6 8. Bb2 Rb8 9. a4 Bd7 10. Nc3 Re8 11. e3 h6 12. d5 Na5 13. Nd2 c5 14. e4 e5 15. dxe6 Bxe6 16. Qc2 Nc6 17.
Ne2 Nb4 18. Qb1 Ng4 19. Bxg7 Kxg7 20. h3 Ne5 21. Nc1 Nec6 22. Nd3 Qf6 23. Nxb4 Nxb4 24. Rd1 Rbd8 25. Nf1 h5 26. h4 Bg4 27. Rd2 Nc6 28.
Nh2 Nd4 29. Rd3 Bc8 30. Kf1 b5 31. axb5 axb5 32. Nf3 bxc4 33. bxc4 Rxe4 34. Ra7 Rde8 35. Nxd4 Rxd4 36. Rxd4 Qxd4 37. Bd5 Be6 38. Bxe6 Rxe6 39. Qc2 Re4 40. Ra6 Re6 41. Kg2 Rf6 42. Ra7 Re6 43.
Ra3 Qe4+ 44. Qxe4 Rxe4 45. Rd3 Rxc4 46. Rxd6 Rc1 47. Rc6 c4 48. f3 c3 49. g4 hxg4 50.
fxg4 f5 51. h5 f4 52. Rxg6+ Kf7 53. Rc6 c2 54. h6 f3+ 55. Kf2 Rh1 56. h7 Kg7 57.
Rc7+ Kh8 58. Kxf3 c1=Q 59. Rxc1 Rxc1 0-1

[Event "*** Titled Tuesday Blitz"]
[Site "Chess.com"]
[Date "2020.05.26"]
[Round "7"]
[White "Spartakus1975"]
[Black "JosefineHeinemann"]
[Result "1/2-1/2"]
[WhiteElo "2683"]
[BlackElo "2525"]
[TimeControl "180+1"]
[EndTime "11:22:24 PDT"]
[Termination "Game drawn - insufficient material"]

1. e4 c5 2. c3 Nf6 3. e5 Nd5 4. Nf3 Nc6 5. d4 cxd4 6. cxd4 d6 7. Bc4 dxe5 8. dxe5 Ndb4 9. Qb3 e6 10. Bg5 Be7 11. Bxe7 Qxe7 12. a3 Na6 13. Qe3 O-O 14.
Nc3 Nc5 15. O-O b6 16. b4 Nd7 17. Rac1 Bb7 18. Nb5 Rfd8 19. Rfd1 Ba6 20. Nc7 Bxc4 21. Nxa8 Bd5 22. Nc7 Bxf3 23. Qxf3 Ndxe5 24. Rxd8+ Qxd8 25. Qc3 Nd4 26. Qe3 Ng4 27. Qe4 Nf6 28. Qe5 Ng4 29. Qe4 Nf6 30. Qe1 Qd6 31. h3 h6 32. Rd1 Qxc7 33.
Rxd4 g6 34. Rd1 Kg7 35. Rc1 Qf4 36. Qc3 a5 37. bxa5 bxa5 38. g3 Qg5 39. Rb1 h5 40.
Rb8 Qd5 41. Qc8 Nh7 42. Qh8+ Kh6 43. Qc3 Qd1+ 44. Kh2 g5 45. Qe3 Qd6 46. Rb5 h4 47. Rxa5 hxg3+ 48. fxg3 Qc7 49. Re5 Qc2+ 50. Qe2 Qb3 51.
h4 gxh4 52. gxh4 Qxa3 53. Rh5+ Kg7 54. Qg4+ Kf8 55. Rxh7 Qb2+ 56. Qg2 Qe5+ 57. Qg3 Qe2+ 58. Kg1 Qd1+ 59. Kh2 Qc2+ 60. Kh3 Qxh7 61. Qd6+ Kg8 62. Qd8+ Kg7 63. Qg5+ Qg6 64. Qe5+ Kh7 65. Qf4 Qf5+ 66. Qxf5+ exf5 67. Kg3 Kh6 68. Kf4 Kg6 69. Ke5 f6+ 70. Kf4 Kh5 71. Kxf5 Kxh4 72. Kxf6 1/2-1/2

[Event "*** Titled Tuesday Blitz"]
[Site "Chess.com"]
[Date "2020.05.26"]
[Round "7"]
[White "MrMatesM"]
[Black "Omk124"]
[Result "0-1"]
[WhiteElo "2586"]
[BlackElo "2434"]
[TimeControl "180+1"]
[EndTime "11:22:26 PDT"]
[Termination "Omk124 won by resignation"]

1. d4 Nf6 2. Nc3 d5 3. Bf4 e6 4. e3 a6 5. Bd3 c5 6. dxc5 Bxc5 7.
Nf3 Nc6 8. O-O O-O 9. e4 dxe4 10. Nxe4 Be7 11. Qe2 b5 12. c3 Bb7 13. Rad1 Qa5 14.
Nd6 Bxd6 15. Bxd6 Rfd8 16. Bf4 h6 17. a3 Rd5 18. Bc2 Rad8 19. Bb3 Rxd1 20. Rxd1 Rxd1+ 21. Qxd1 Qd8 22. Qxd8+ Nxd8 23. Ne5 Nc6 24. Nd3 Na5 25.
Bd1 Nd7 26. b3 Bd5 27. b4 Nc4 28. a4 Be4 29. axb5 axb5 30. Nc1 Ndb6 31. Nb3 Nd5 32. Bd2 Nxd2 33. Nxd2 Nxc3 34. Nxe4 Nxd1 35. Nd6 Nc3 36. Kf1 Kf8 37. Ke1 Ke7 38. Nb7 Nd5 39. Kd2 Nxb4 40. Kc3 Nd5+ 41. Kd4 Kd7 42. Kc5 b4 43.
Na5 Kc7 44. g3 h5 45. Nc4 b3 46. Kd4 Nf6 47. h3 Kd8 48. Kc3 Ne4+ 49. Kxb3 Nxf2 50.
Ne5 Ke7 51. Kc4 g6 52. Kd4 Nxh3 53. Ke4 Ng5+ 54. Kf4 Nh7 55. Nc6+ Kf6 56. Nd8 g5+ 57. Kf3 Nf8 58. Ke4 Ng6 59. Kf3 h4 60. gxh4 Nxh4+ 61. Kg4 Nf5 62. Nc6 Ne3+ 63. Kf3 Nd5 64. Nd8 Kg6 65. Ke4 Ne7 66. Ke5 Kg7 67. Kd6 Ng6 68.
Kc5 g4 69. Kd4 Kf6 70. Ke4 Ke7 71. Nc6+ Kd6 72. Nd8 f5+ 73. Ke3 Ke5 74. Nf7+ Kf6 75.
Nd8 f4+ 76. Ke4 e5 77. Nc6 g3 78. Kf3 Kf5 79. Kg2 e4 80. Nd4+ Kg4 81. Ne6 f3+ 82.
Kf1 e3 83. Nd4 e2+ 84. Ke1 g2 85. Kf2 e1=Q+ 86. Kxe1 g1=Q+ 0-1

[Event "*** Titled Tuesday Blitz"]
[Site "Chess.com"]
[Date "2020.05.26"]
[Round "7"]
[White "GOGIEFF"]
[Black "kushagramohan"]
[Result "1-0"]
[WhiteElo "2895"]
[BlackElo "2672"]
[TimeControl "180+1"]
[EndTime "11:22:28 PDT"]
[Termination "GOGIEFF won by resignation"]

1. d4 Nf6 2. c4 g6 3. Nc3 Bg7 4.
e4 d6 5. f3 O-O 6. Nge2 c5 7.
d5 e6 8. Ng3 exd5 9. cxd5 Nbd7 10. Be2 a6 11. a4 Rb8 12. O-O Re8 13. f4 Qc7 14. Kh1 h5 15. e5 dxe5 16. f5 c4 17.
fxg6 fxg6 18. Nge4 b5 19. axb5 axb5 20. d6 Qd8 21. Bg5 Rf8 22. Ra7 Bb7 23. Rxb7 Rxb7 24. Nd5 Rf7 25. Qb1 Kh7 26. Bxf6 Bxf6 27. Ng5+ Kg8 28.
Ne6 Qe8 29. Qxg6+ Bg7 30. Rf5 Nf8 31. Nf6+ Rxf6 32. Qxe8 Rxf5 33. d7 Rxd7 34. g4 Rff7 35. Ng5 Rfe7 36. Qxh5 e4 37. Nh3 Rd2 38. Qxb5 e3 39.
Bxc4+ Kh8 40. Qh5+ Nh7 41. Ng5 Bf6 42. Nxh7 Rxh7 43.
Qe8+ Kg7 44. Qg8+ Kh6 45. h4 Bxh4 46. Qe6+ Kg7 47. Qf7+ Kh6 48. Qf5 Bg5 49. Kg1 e2 50. Qe6+ Kg7 51. Bxe2 Rh6 52. Qe5+ Bf6 53. Qc7+ Kg6 54.
Qc4 Rxb2 55. Qe4+ Kg7 56. Bd3 Bg5 57. Qe5+ Bf6 58. Qd5 Kf8 59. g5 Rhh2 60. gxf6 Rbg2+ 61. Kf1 Rf2+ 62. Ke1 Rxf6 63. Qd8+ Kg7 64. Qc7+ 1-0

[Event "*** Titled Tuesday Blitz"]
[Site "Chess.com"]
[Date "2020.05.26"]
[Round "7"]
[White "CroissantNeuf"]
[Black "Machidon"]
[Result "1-0"]
[WhiteElo "2369"]
[BlackElo "2497"]
[TimeControl "180+1"]
[EndTime "11:22:28 PDT"]
[Termination "CroissantNeuf won by resignation"]

1. e4 c6 2. Nc3 d5 3. Nf3 dxe4 4. Nxe4 Nf6 5. Qe2 Nxe4 6. Qxe4 Qd5 7. Qf4 Qf5 8. Qe3 Qe6 9. b3 Qxe3+ 10. fxe3 Bf5 11.
Bb2 Nd7 12. O-O-O e6 13. Be2 Be7 14. Rhg1 Bf6 15. g4 Bxb2+ 16. Kxb2 Be4 17. Rgf1 Ke7 18. Rf2 f6 19. g5 Bxf3 20. gxf6+ gxf6 21. Rxf3 Rhg8 22. Rh3 Rg7 23. Rf1 Rag8 24. Bd3 Ne5 25. Rh6 f5 26. Be2 Nf7 27. Rh4 Ne5 28. Rh6 Ng6 29. Bc4 Nf8 30. Rf2 Rg2 31. Rxg2 Rxg2 32. Kc3 b5 33. Bf1 Rf2 34. Bd3 Kf7 35. Rh4 Kg7 36. a4 a6 37. axb5 axb5 38. Rd4 Rxh2 39.
Rd8 h5 40. Rc8 h4 41. Rxc6 h3 42. Bxb5 Rf2 43. Ra6 h2 44. Ra1 Ng6 45. Rh1 Ne5 46. d4 Ng4 47. Bc6 Re2 48. Kd3 Rxe3+ 49. Kd2 Rg3 50. b4 Rg1 51. b5 Kf6 52. b6 Rxh1 53. Bxh1 Nf2 54. Bg2 Ne4+ 55. Ke3 Nd6 56. b7 f4+ 57. Kxf4 Nxb7 58. Bxb7 Ke7 59. Bh1 Kd6 60. Kg3 e5 61. dxe5+ Kxe5 62. Kxh2 Kd4 63. Kg3 Ke3 64. Bg2 Kd4 65. Kf4 Kc3 66. Be4 1-0

[Event "*** Titled Tuesday Blitz"]
[Site "Chess.com"]
[Date "2020.05.26"]
[Round "7"]
[White "Chuchofrio1"]
[Black "Kapibara_Warri0r"]
[Result "0-1"]
[WhiteElo "2268"]
[BlackElo "2109"]
[TimeControl "180+1"]
[EndTime "11:22:28 PDT"]
[Termination "Kapibara_Warri0r won by resignation"]

1. e4 e5 2. Nf3 Nc6 3. Bc4 Nf6 4. d3 Be7 5. O-O O-O 6. Be3 d5 7. exd5 Nxd5 8. Nc3 Nb6 9. Bb3 Bg4 10. h3 Bh5 11. Ne4 Kh8 12. Ng3 Bg6 13. Nh4 Bxh4 14. Qg4 Bxg3 15.
fxg3 Nd4 16. Kh2 f5 17. Qd1 Nd5 18. Bxd5 Qxd5 19. c3 Nc6 20. Qe2 Rad8 21. Rad1 Qd6 22. Qf2 b6 23. Kh1 Ne7 24. d4 e4 25. Bf4 Qc6 26. Be5 Nd5 27. Rfe1 Bh5 28. Rc1 Ne7 29. c4 Ng6 30. d5 Qd7 31. Bc3 Rde8 32. b3 f4 33. g4 Bxg4 34. hxg4 Qxg4 35. Qd4 Ne5 36. Rxe4 Qh5+ 37. Kg1 f3 38. Rh4 f2+ 39. Kf1 Qg6 40. Rf4 Rxf4 41. Qxf4 Nd3 42. Qd2 Nxc1 43. Qxc1 Qf7 44.
Qc2 Rf8 45. Qd3 Qf5 46. Qxf5 Rxf5 47. Bd4 Kg8 48. Bxf2 Kf7 49. Ke2 Ke7 50. Bd4 g5 51. g3 h5 52. Bf2 g4 53. Be1 Rf3 54. Bf2 Kd6 55. Be1 c6 56. dxc6 Kxc6 57. b4 Rf6 58.
Kd3 Rf1 59. Ke2 Rf3 60. Bf2 Ra3 61. b5+ Kc7 62. Kf1 Rxa2 63. Bd4 Rd2 64. Ke1 Rxd4 65. Ke2 Rxc4 0-1

[Event "*** Titled Tuesday Blitz"]
[Site "Chess.com"]
[Date "2020.05.26"]
[Round "7"]
[White "angryhorse9"]
[Black "fabianvivasz"]
[Result "1-0"]
[WhiteElo "2472"]
[BlackElo "2297"]
[TimeControl "180+1"]
[EndTime "11:22:29 PDT"]
[Termination "angryhorse9 won on time"]

1. e4 e5 2. Bc4 Nf6 3. d3 c6 4. Nf3 d5 5. Bb3 Nbd7 6. Nc3 d4 7. Ne2 Bd6 8. a3 Nc5 9. Ba2 a5 10. O-O Be6 11. Bxe6 Nxe6 12. Ng3 g6 13. Bh6 Ng4 14. Bd2 h5 15. h3 Nf4 16. Ne2 Qf6 17. Bxf4 exf4 18.
Nexd4 O-O-O 19. Ne2 Ne5 20. Nxe5 Bxe5 21. f3 Bxb2 22.
Ra2 g5 23. Qd2 Bd4+ 24. Kh1 g4 25. Qxf4 Qg7 26. Qf5+ Kb8 27. Nxd4 Qxd4 28. Raa1 Rhg8 29. fxg4 hxg4 30. h4 g3 31. Rf3 Rh8 32. Qf4+ Ka8 33. Raf1 Rh7 34. Rxg3 Rdh8 35. Rh3 Qd8 36. Qf6 Qd7 37. Qf5 Qe7 38. g3 Qxa3 39. Rh2 Qc3 40.
Rhf2 a4 41. Qf6 Qc5 42. Qa1 b5 43. d4 Qe7 44. Rf4 f6 45. c4 f5 46. cxb5 cxb5 47. Qa2 fxe4 48. Qd5+ Qb7 49. Qc5 Rc7 50. Qb4 e3+ 51.
Kh2 Rc2+ 52. Kh3 Qg2+ 53. Kg4 Rg8+ 54. Kh5 Qd5+ 55. Rf5 Qd8 56. Rf8 Rxf8 57. Rxf8 1-0

[Event "*** Titled Tuesday Blitz"]
[Site "Chess.com"]
[Date "2020.05.26"]
[Round "7"]
[White "Lagravesamuell"]
[Black "Leonid_Starozhilov"]
[Result "1-0"]
[WhiteElo "2480"]
[BlackElo "2650"]
[TimeControl "180+1"]
[EndTime "11:22:32 PDT"]
[Termination "Lagravesamuell won on time"]

1. d4 Nf6 2. c4 g6 3. Nc3 Bg7 4.
e4 d6 5. Nf3 Bg4 6. Be2 O-O 7.
Be3 a6 8. Qd2 Nc6 9. d5 Bxf3 10.
gxf3 Nb8 11. h4 c6 12. Bh6 cxd5 13. Nxd5 Nbd7 14. h5 Bh8 15. hxg6 hxg6 16. Bxf8 Qxf8 17. O-O-O Nxd5 18. cxd5 Nc5 19. Qh6 Qxh6+ 20. Rxh6 Bg7 21. Rhh1 Na4 22. Rd2 Rc8+ 23. Kb1 Be5 24. Bd3 Kg7 25. a3 b5 26. Re2 Nc5 27. Rc2 Rb8 28. Be2 b4 29.
axb4 Rxb4 30. Ka2 a5 31. Rh3 Ra4+ 32. Kb1 Rb4 33. Rh1 a4 34. Ka2 Rb3 35. Rb1 Rb4 36. Bd1 Bd4 37. Rd2 Be5 38. Ka3 Rb6 39. Rc2 Rb3+ 40. Ka2 Rd3 41. Be2 Rb3 42. Bd1 Rb4 43. Be2 Kf6 44. Rc4 Rb6 45. Bd1 Ra6 46. Ka3 g5 47.
Bxa4 Rb6 48. b4 Nd3 49. Bc2 Nxf2 50. b5 Nh3 51. Rc6 Rb8 52. b6 Bd4 53. b7 Nf4 54. Rc8 Ba7 55. Rxb8 Bxb8 56. Rh1 Ne2 57. Rh8 Ba7 58.
Ra8 Bc5+ 59. Kb2 Nd4 60. b8=Q Nxf3 61. Qh8+ 1-0

[Event "*** Titled Tuesday Blitz"]
[Site "Chess.com"]
[Date "2020.05.26"]
[Round "7"]
[White "Dinamo81"]
[Black "MusicCityMaster"]
[Result "1-0"]
[WhiteElo "2628"]
[BlackElo "2375"]
[TimeControl "180+1"]
[EndTime "11:22:34 PDT"]
[Termination "Dinamo81 won by resignation"]

1. d4 d5 2. Bf4 Nc6 3. e3 Bf5 4. Nf3 Qd7 5. a3 f6 6. c4 e6 7. Nc3 g5 8. Bg3 h5 9. h3 a6 10. Bd3 Nge7 11. b4 Bxd3 12. Qxd3 Nf5 13. Ne2 Nxg3 14.
Nxg3 Bd6 15. cxd5 exd5 16. Nf5 O-O-O 17. Nd2 Ne7 18. Nxe7+ Qxe7 19. Qf5+ Kb8 20. Ke2 c6 21. Nb3 Qh7 22. Qxh7 Rxh7 23. g3 f5 24. Kd3 Rf7 25. Rae1 Re8 26. h4 f4 27. hxg5 fxg3 28. f4 Rh8 29. Rh4 Rf5 30. Rg1 Kc7 31. Rxg3 b6 32.
Rgh3 a5 33. bxa5 bxa5 34. Rxh5 Rb8 35. Rh7+ Kb6 36. R3h6 Bxa3 37. Nd2 a4 38. Nf3 Bf8 39. Rh2 a3 40. Ne5 Ka6 41. Nd7 Rb3+ 42. Kc2 Rb2+ 43. Kc3 Rxh2 44. Rxh2 Rf7 45. Nxf8 Rxf8 46. Ra2 Re8 47.
Rxa3+ Kb5 48. Kd2 c5 49. dxc5 Kxc5 50. Rc3+ Kd6 51. Rd3 Re4 52. Ke2 Rc4 53. Kf3 Rc1 54.
Rd2 Rg1 55. Rg2 Rf1+ 56. Kg4 Re1 57. Rg3 Ke6 58. f5+ Ke5 59. f6 Rf1 60. Kh5 Kf5 61.
Kh6 Rh1+ 62. Kg7 Rh5 63. f7 Rxg5+ 64. Rxg5+ Kxg5 65. f8=Q Kg4 66. Qf4+ Kh3 67. Qe5 Kg2 68.
Qxd5+ Kf2 69. e4 Ke3 70. e5 1-0

[Event "*** Titled Tuesday Blitz"]
[Site "Chess.com"]
[Date "2020.05.26"]
[Round "7"]
[White "Chessialist"]
[Black "dpopadic"]
[Result "1-0"]
[WhiteElo "2538"]
[BlackElo "2381"]
[TimeControl "180+1"]
[EndTime "11:22:34 PDT"]
[Termination "Chessialist won by resignation"]

1. e4 c5 2. Nf3 Nc6 3. d4 cxd4 4. Nxd4 Nf6 5. Nc3 e5 6. Ndb5 d6 7. Bg5 a6 8. Na3 b5 9. Nd5 Be7 10. Bxf6 Bxf6 11. c4 b4 12. Nc2 O-O 13. h4 Rb8 14.
b3 a5 15. g3 Be6 16. Bd3 Kh8 17. Qf3 a4 18. Kf1 Be7 19. Kg2 Qd7 20. Qe3 Rfd8 21.
Rhd1 Bf8 22. Be2 Qb7 23. Bf3 Ra8 24. Rab1 axb3 25. axb3 Ra2 26. Rd2 Rda8 27. h5 h6 28. Rbd1 Rb2 29. Ncxb4 Rxd2 30. Qxd2 Nxb4 31. Qxb4 Qxb4 32.
Nxb4 Rb8 33. Nd5 Rxb3 34. Ra1 Rb8 35. Ra7 Kg8 36. Bd1 Bxd5 37. cxd5 Re8 38. Bg4 Be7 39. Bd7 Rd8 40. Bf5 Bg5 41. Kf3 Bd2 42. Kg4 Be1 43.
f4 exf4 44. gxf4 Bf2 45. Rb7 Bd4 46. Kf3 Ba1 47. Ke2 Bf6 48. Kd3 Bh4 49. Kd4 Bf6+ 50. e5 Bh4 51. Ke4 Bg3 52. e6 fxe6 53.
dxe6 Be1 54. Bg6 d5+ 55. Kf3 Bh4 56. f5 Kf8 57. Rf7+ Kg8 58. Rc7 Kf8 59. Ke3 d4+ 60.
Kd3 Be7 61. Rb7 Bf6 62. Rf7+ Kg8 63. Rxf6 gxf6 64. e7 Rb8 65. e8=Q+ Rxe8 66. Bxe8 Kf8 67. Bg6 Ke7 68. Kxd4 Kd6 69. Bf7 1-0

[Event "*** Titled Tuesday Blitz"]
[Site "Chess.com"]
[Date "2020.05.26"]
[Round "7"]
[White "XiaoKangZhong"]
[Black "XDPS"]
[Result "0-1"]
[WhiteElo "2429"]
[BlackElo "2694"]
[TimeControl "180+1"]
[EndTime "11:22:35 PDT"]
[Termination "XDPS won by resignation"]

1. e4 e5 2. Nf3 Nc6 3. Bc4 Bc5 4. c3 Nf6 5. d3 O-O 6. Nbd2 d6 7. O-O Bb6 8. Bb3 Ne7 9. h3 Ng6 10. Re1 c6 11. Nf1 Be6 12. Ng3 Re8 13. Be3 d5 14. Bxb6 axb6 15. exd5 Bxd5 16. Ne4 Bxb3 17. Qxb3 Nf4 18.
Nxf6+ Qxf6 19. Re3 Rad8 20. Qxb6 Nd5 21. Qc5 Nxe3 22.
Qxe3 Qd6 23. Rd1 h6 24. Ne1 Qd5 25. b3 Qa5 26. Qd2 Rd7 27. b4 Qa6 28. c4 Red8 29. Qc3 Qxa2 30. b5 cxb5 31. cxb5 Qd5 32. Qb4 Rc8 33. Kh2 e4 34. d4 Qd6+ 35. Qxd6 Rxd6 36. Kg3 g5 37. f3 e3 38. Rd3 Re8 39. Nc2 f5 40. f4 Re4 41. fxg5 hxg5 42. Kf3 e2 43. Ne1 Rdxd4 44. Rc3 Rd7 45. Rc8+ Kf7 46. Rh8 Re5 47. Rh7+ Ke6 48. Rh6+ Kd5 49. Rg6 g4+ 50. hxg4 fxg4+ 51.
Kxg4 Rf7 52. Nd3 e1=Q 53. Nxe1 Rxe1 54. Rg8 Re4+ 55. Kg3 Re6 56. Rd8+ Kc5 57. Rc8+ Kxb5 58. Kh2 Rg6 59. Rc2 Rh7+ 60. Kg1 Rhg7 61. Rd2 Kc4 62.
Rc2+ Kb3 63. Rf2 b5 64. g4 Rxg4+ 65. Kf1 b4 66. Rf3+ Ka4 67. Rf8 Rg1+ 68. Kf2 R1g6 69.
Ra8+ Kb3 70. Rb8 Rc6 71. Kf3 Rc4 72. Ke3 Rg3+ 73. Kd2 Rc2+ 0-1

[Event "*** Titled Tuesday Blitz"]
[Site "Chess.com"]
[Date "2020.05.26"]
[Round "7"]
[White "Unknown_IM"]
[Black "grunbergmihai"]
[Result "1/2-1/2"]
[WhiteElo "2523"]
[BlackElo "2382"]
[TimeControl "180+1"]
[EndTime "11:22:36 PDT"]
[Termination "Game drawn by agreement"]

1. e4 Nf6 2. e5 Nd5 3. c4 Nb6 4.
d4 d6 5. exd6 cxd6 6. Nc3 g6 7.
Be3 Bg7 8. Rc1 O-O 9. b3 e5 10. d5 N8d7 11. Bd3 f5 12. f3 e4 13. Be2 f4 14.
Bd4 Bxd4 15. Qxd4 e3 16. Ne4 Nf6 17. Nxf6+ Qxf6 18. Qxf6 Rxf6 19. Bd3 Nd7 20. Ne2 Ne5 21. Bb1 a5 22. O-O b6 23. Nd4 Bd7 24. g3 g5 25.
g4 Re8 26. Kg2 Kg7 27. Rce1 a4 28. Bf5 Bxf5 29. Nxf5+ Kg6 30. Nd4 axb3 31. axb3 Ra8 32. Re2 Ra3 33. h4 gxh4 34. Rh1 h5 35. g5 Kxg5 36.
Ne6+ Kh6 37. Rxh4 Rxb3 38. Nxf4 Rf5 39. Ne6 Rc3 40. Nd4 Rg5+ 41. Kh3 Ng6 42. Re4 Rxc4 43. R2xe3 Rc1 44. Kh2 Ne5 45. Re1 Rxe1 46. Rxe1 h4 47. f4 Ng4+ 48. Kh3 Rxd5 49. Nf5+ Rxf5 50. Kxg4 Rf6 51.
Kxh4 Rxf4+ 52. Kg3 Rf6 53. Rb1 d5 54. Rb5 Rd6 55. Kf4 d4 56. Ke4 d3 57. Rb1 Kg6 58.
Rd1 d2 59. Ke3 Kf5 60. Rxd2 Rxd2 61. Kxd2 Ke5 62. Ke3 Kd5 63. Kd3 Kc5 64. Kc3 b5 65. Kb3 1/2-1/2

[Event "*** Titled Tuesday Blitz"]
[Site "Chess.com"]
[Date "2020.05.26"]
[Round "7"]
[White "zala02"]
[Black "enriquetejedor"]
[Result "0-1"]
[WhiteElo "2242"]
[BlackElo "2441"]
[TimeControl "180+1"]
[EndTime "11:22:44 PDT"]
[Termination "enriquetejedor won on time"]

1. d4 d5 2. c4 c6 3. Nf3 Nf6 4. e3 Bg4 5. h3 Bh5 6. g4 Bg6 7.
Ne5 Nbd7 8. Nc3 e6 9. Qb3 Qb6 10.
c5 Qc7 11. Nxg6 hxg6 12. Bg2 e5 13. Ne2 O-O-O 14. Bd2 Re8 15. Qd3 e4 16. Qa3 b6 17.
b4 b5 18. Qb3 Nxg4 19. hxg4 Rxh1+ 20. Bxh1 Qh2 21. O-O-O Qxf2 22. Nc3 Be7 23. a4 a6 24. axb5 axb5 25. Kc2 Kb7 26. Qb1 f6 27. Rf1 Qg3 28. Rg1 Qh2 29. Bg2 Qh4 30. Bf1 Rh8 31. Be2 Qf2 32. Rf1 Qg3 33. Qa2 Ra8 34. Qb1 Nf8 35.
Qb2 Ne6 36. Nxb5 cxb5 37. Bxb5 Nc7 38. Be2 Qg2 39. Re1 Kc8 40. b5 Qg3 41. b6 Rb8 42. Qa2 Ne6 43. Qa6+ Kd8 44. Rb1 Bxc5 45. dxc5 Nxc5 46.
Qa7 Qd6 47. Qc7+ Qxc7 48. bxc7+ Kxc7 49. Rxb8 Kxb8 50. Bb4 Ne6 51. Bd6+ Kc8 52. Kc3 Kd7 53.
Bg3 f5 54. gxf5 gxf5 55. Bh5 Ke7 56. Bg6 Kf6 57. Be8 g5 58. Bd7 f4 59. exf4 gxf4 60. Bh4+ Ke5 61. Bf2 d4+ 62. Kd2 e3+ 63. Bxe3 dxe3+ 64. Ke2 Nd4+ 65. Kd3 Ne6 66. Ke2 Kf6 67. Kf3 Kf5 0-1

[Event "*** Titled Tuesday Blitz"]
[Site "Chess.com"]
[Date "2020.05.26"]
[Round "7"]
[White "Chessmasterzt"]
[Black "ChessyInstinct"]
[Result "0-1"]
[WhiteElo "2558"]
[BlackElo "2416"]
[TimeControl "180+1"]
[EndTime "11:22:45 PDT"]
[Termination "ChessyInstinct won on time"]

1. Nf3 d5 2. g3 c6 3. Bg2 Nf6 4. c4 Bg4 5. Ne5 Bf5 6. cxd5 cxd5 7. Nc3 Nbd7 8. Qa4 e6 9. g4 Bg6 10. h4 a6 11. Nxd7 Qxd7 12. Qxd7+ Kxd7 13. h5 Bc2 14. g5 Ne4 15. Bxe4 Bxe4 16. Nxe4 dxe4 17. Rh4 h6 18.
gxh6 f5 19. hxg7 Bxg7 20. d3 Bf6 21. Rh3 exd3 22. Rxd3+ Ke7 23. h6 Rag8 24. Rg3 e5 25. Bd2 f4 26. Rxg8 Rxg8 27. Kf1 Rh8 28. Rc1 Kd7 29.
Kg2 Rxh6 30. e3 fxe3 31. Bxe3 Rh4 32. Kf3 e4+ 33. Ke2 Rh5 34. b3 Rd5 35. Rc2 b5 36.
Bf4 Bd4 37. Rc7+ Ke6 38. Rc6+ Kf5 39. Be3 Bxe3 40. fxe3 a5 41. Ra6 b4 42. Rc6 Ke5 43.
Rc4 Kf5 44. Rc8 Ke5 45. Re8+ Kf5 46. Re7 Rc5 47. Kd2 Rd5+ 48. Ke2 Rc5 49. Kd1 Re5 50. Rf7+ Kg4 51. Ra7 Kf3 52. Rh7 Kxe3 53. Rh3+ Kd4 54. Ke2 Rg5 55. Rh2 Rg3 56. Rh8 Rc3 57. Rd8+ Ke5 58.
Re8+ Kd5 59. Rf8 Rc2+ 60. Ke3 Rc3+ 61. Ke2 Rc6 62. Rd8+ Rd6 63. Ra8 Kd4 64. Rxa5 Rh6 65.
Rb5 Rh2+ 66. Ke1 e3 67. Rxb4+ Kd3 68. Kf1 e2+ 69. Kg1 e1=Q+ 70. Kxh2 Qxb4 71. a3 Qxa3 0-1

[Event "*** Titled Tuesday Blitz"]
[Site "Chess.com"]
[Date "2020.05.26"]
[Round "7"]
[White "BJthechessgod"]
[Black "S_Kalvaitis"]
[Result "0-1"]
[WhiteElo "2109"]
[BlackElo "2317"]
[TimeControl "180+1"]
[EndTime "11:22:45 PDT"]
[Termination "S_Kalvaitis won by checkmate"]

1. d4 d5 2. c4 e5 3. dxe5 d4 4. Nf3 Nc6 5. e3 Bb4+ 6. Bd2 dxe3 7. fxe3 Bc5 8. Nc3 Nge7 9. Ne4 Bb4 10. Bxb4 Nxb4 11.
Qxd8+ Kxd8 12. O-O-O+ Ke8 13. a3 Nbc6 14. c5 Ng6 15.
Bb5 Bd7 16. Bxc6 Bxc6 17. Nc3 Rd8 18. Rxd8+ Kxd8 19. Rd1+ Kc8 20. b4 a6 21. Nd4 Bxg2 22. Nf5 Re8 23. Nxg7 Rxe5 24. e4 Bf3 25. Rf1 Nh4 26. Nf5 Bg2 27. Rf2 Nxf5 28. Rxg2 Ne3 29. Rg7 f5 30. exf5 Rxf5 31. Rxh7 Rf2 32. h4 Rc2+ 33.
Kb1 Rxc3 34. h5 Nf5 35. h6 Rh3 36. Rh8+ Kd7 37. h7 Kc6 38. Kb2 Kb5 39. Rf8 Rh2+ 40. Kb3 Nd4+ 41. Kc3 Ne2+ 42. Kd3 Nc1+ 43. Kc3 Rxh7 44.
Kb2 Nd3+ 45. Kc3 Ne5 46. Kb3 Rh3+ 47. Kb2 Nc4+ 48. Kc2 Nxa3+ 49. Kb2 Kxb4 50. Rf4+ Nc4+ 51. Kc2 Kxc5 52. Rf5+ Kb4 53. Rf4 c5 54. Rf7 b5 55.
Ra7 a5 56. Rb7 a4 57. Kc1 a3 58. Kb1 Rh1+ 59. Ka2 Rh2+ 60. Kb1 a2+ 61. Ka1 Rh1+ 62.
Kxa2 Rh2+ 63. Ka1 Na3 64. Rxb5+ Nxb5 65. Kb1 Nc3+ 66. Ka1 Rh8 67. Kb2 Nd5 68. Kc2 c4 69. Kb1 c3 70. Kc1 Kb3 71. Kd1 c2+ 72. Ke2 c1=Q 73. Kd3 Qc2+ 74. Kd4 Qc3+ 75. Kxd5 Qc4+ 76. Kd6 Ra8 77. Ke7 Ra5 78. Kf8 Qb5 79. Kg7 Qb6 80.
Kh8 Ra7 81. Kg8 Qb8# 0-1